 Dungeon Crawl Stone Soup version 0.27.1-2-g3b301248ec (webtiles) character file.

Game seed: 10514416664599598691

32 snilloc10 the Digger (level 3, -10/31 HPs)
             Began as a Troll Earth Elementalist on Sept 29, 2021.
             Killed by an exploding kobold (26 damage)
             ... ignited by their inner flame
             ... on level 2 of the Dungeon.
             The game lasted 00:02:59 (417 turns).

snilloc10 the Digger (Troll Earth Elementalist)      Turns: 417, Time: 00:03:11

Health: -10/31     AC:  4    Str: 16    XL:     3   Next: 8%
Magic:  0/4        EV: 10    Int: 12    God:
Gold:   27         SH:  0    Dex: 10    Spells: 3/4 levels left

rFire    . . .     SeeInvis .   (no weapon)
rCold    . . .     Faith    .   (no shield)
rNeg     . . .     Spirit   .   b - +0 robe
rPois    .         Reflect  .   (helmet restricted)
rElec    .         Harm     .   (no cloak)
rCorr    .         Rampage  .   (gloves unavailable)
Will     .....                  (boots unavailable)
Stlth    +.........             (no amulet)
HPRegen  1.10/turn              (no ring)
MPRegen  0.09/turn              (no ring)

@: no status effects
A: large, unfitting armour, claws 3, regeneration 1, shaggy fur 1, tough skin 1
a: no special abilities


You were on level 2 of the Dungeon.
You visited 1 branch of the dungeon, and saw 2 of its levels.

You collected 27 gold pieces.

Inventory:

Missiles
 c - 46 stones
Armour
 b - a +0 robe (worn)
Scrolls
 a - a scroll of blinking {unknown}
 d - a scroll of immolation
Potions
 e - a potion of attraction {unknown}


   Skills:
 + Level 2.1 Dodging
 - Level 1.0 Stealth
 + Level 0.7 Unarmed Combat
 + Level 1.4 Spellcasting
 - Level 0.7 Transmutations
 + Level 3.1 Earth Magic


You had 3 spell levels left.
You knew the following spells:

 Your Spells              Type           Power      Damage    Failure   Level
a - Sandblast             Erth           16%        2d6       8%          1

Your spell library contained the following spells:

 Spells                   Type           Power      Damage    Failure   Level
 Passwall                 Tmut/Erth      4%         N/A       21%         2
 Stone Arrow              Conj/Erth      8%         3d7       41%         3
 Petrify                  Tmut/Erth      5%         N/A       78%         4


Dungeon Overview and Level Annotations

Branches:
Dungeon (1/15)

Altars:


Innate Abilities, Weirdness & Mutations

You are too large for most types of armour.
You have claws for hands.
Your natural rate of healing is unusually fast.
You are covered in fur. (AC +1)
You have tough skin. (AC +1)


Message History

Aim: a ball python (75% to hit)
The blast of sand hits the ball python.
You kill the ball python!
Casting: Sandblast (safe; 8% risk of failure)
Confirm with . or Enter, or press ? or * to list all spells.
Aiming: Sandblast (safe; 8% risk of failure)
Press: ? - help, Shift-Dir - straight line, f - kobold
Aim: a kobold, wielding a +0 short sword and quivering poisoned darts (72% to hit)
The blast of sand hits the kobold.
The kobold is severely wounded.
The kobold hits you with a +0 short sword.
Unknown command.
Casting: Sandblast (safe; 8% risk of failure)
Confirm with . or Enter, or press ? or * to list all spells.
Aiming: Sandblast (safe; 8% risk of failure)
Press: ? - help, Shift-Dir - straight line, f/p - kobold
Aim: a kobold, wielding a +0 short sword and quivering poisoned darts (severely wounded, 72% to hit)
The blast of sand misses the kobold.
The blast of sand hits the worm.
The worm is severely wounded.
The kobold hits you with a +0 short sword.
As you read the scroll labelled FEREES KAT, it crumbles to dust.
The creatures around you are filled with an inner flame!
It was a scroll of immolation.
The kobold hits you with a +0 short sword.
Unknown command.
Casting: Sandblast (safe; 8% risk of failure)
Confirm with . or Enter, or press ? or * to list all spells.
Aiming: Sandblast (safe; 8% risk of failure)
Press: ? - help, Shift-Dir - straight line, f/p - kobold
Aim: a kobold, wielding a +0 short sword and quivering poisoned darts (severely wounded, inner flame, 72% to hit)
The blast of sand misses the kobold.
The blast of sand hits the worm.
Flame seeps out of the worm.
The worm is severely wounded.
The kobold barely misses you.
The worm is engulfed in blazing flames.
The worm explodes!
The fiery explosion engulfs the kobold!!!
The kobold explodes!
The fiery explosion engulfs you!!
Ouch! That really hurt!
You die...

...........
..........
#.........
######.........
......†........
#§§§......
#§○§......
##§####### #@#
#.#####.###
#.........#
#######.#.# #
#....#.#
#.#..†.#.#
##.....##.#
##.......#.#
.........#.#


There were no monsters in sight!

Vanquished Creatures
  2 worms (D:2)
  3 ball pythons
  3 endoplasms (D:1)
  2 goblins (D:1)
  8 hobgoblins (D:1)
  2 kobolds
  A quokka (D:1)
  A frilled lizard (D:2)
  5 rats
27 creatures vanquished.

Notes
Turn   | Place    | Note
-------+----------+-------------------------------------------
     0 | D:1      | snilloc10 the Troll Earth Elementalist began the quest for
                  | the Orb.
     0 | D:1      | Reached XP level 1. HP: 16/16 MP: 1/1
   102 | D:1      | Reached XP level 2. HP: 24/24 MP: 2/2
   135 | D:1      | Reached skill level 3 in Earth Magic
   368 | D:1      | You fall into a shaft and drop 1 floor!
   377 | D:2      | Reached XP level 3. HP: 29/31 MP: 4/4
   417 | D:2      | Killed by an exploding kobold... ignited by their inner
                  | flame

Illustrated notes

Levels and vault maps discovered:
D:1:      saegor_arrival_simple_d, layout_rooms, minmay_misc_feat_four_crosses
D:2:      layout_basic, ebering_ecumenical_altar_petrified, serial_shops,
          nicolae_diamond_shop, uniq_terence, uniq_natasha

Skill      XL: |  1  2 |
---------------+-------+-----
Earth Magic    | 3 |  3.1
Dodging        | 2 |  2.1
Stealth        | |  1.0
Unarmed Combat | |  0.7
Spellcasting   | |  1.4
Transmutations | |  0.7

Action                   || total
-------------------------++-------
Melee: Unarmed           ||    73
 Cast: Sandblast         ||     6
  Use: Scroll            ||     1
Armor: Robe              ||    25
Dodge: Dodged            ||    48
